SNL (28 & UNDER)
KEY WEST BARRACUDAS @ BEAUMONT ROUGHNECKS
07/05/2028
 
TOP OF THE 1ST
Key West Barracudas batting - Pitching for Beaumont Roughnecks : RHP John Harvey
Pitching: RHP John Harvey
Batting: SHB Luis Manuel López 0-0: Ball
1-0: Foul Ball, location: 2F
1-1: Foul Ball, location: 2F
1-2: Strikes out swinging
Batting: SHB Héctor Jiménez 0-0: Called Strike
0-1: Swinging Strike
0-2: Ground out U3 (Groundball, 34)
Batting: RHB Steve Gómez 0-0: Ball
1-0: Ground out 5-3 (Groundball, 56S)
Top of the 1st over - 0 run(s), 0 hit(s), 0 error(s), 0 left on base; Key West 0 - Beaumont 0
BOTTOM OF THE 1ST
Beaumont Roughnecks batting - Pitching for Key West Barracudas : RHP George Bennion
Pitching: RHP George Bennion
Batting: RHB John James 0-0: Called Strike
0-1: Called Strike
0-2: Ball
1-2: Foul Ball, location: 2F
1-2: Ball
2-2: Ball
3-2: Strikes out looking
Batting: RHB Darwin Crane 0-0: Foul Ball, location: 2F
0-1: Foul Ball, location: 2F
0-2: Ball
1-2: Ball
2-2: SOLO HOME RUN (Flyball, 78XD), Distance : 424 ft
Batting: LHB Bernardo Morales 0-0: Called Strike
0-1: Ball
1-1: Called Strike
1-2: Foul Ball, location: 2F
1-2: Strikes out swinging
Batting: RHB Si-xun Li 0-0: Fly out, F8 (Line Drive, 8LM)
Bottom of the 1st over - 1 run(s), 1 hit(s), 0 error(s), 0 left on base; Key West 0 - Beaumont 1
TOP OF THE 2ND
Key West Barracudas batting - Pitching for Beaumont Roughnecks : RHP John Harvey
Batting: RHB Anastasio Zartuche 0-0: Fly out, F8 (Flyball, 8LM)
Batting: RHB Ramón Díaz 0-0: Ball
1-0: Called Strike
1-1: Ball
2-1: Foul Ball, location: 2F
2-2: Foul Ball, location: 2F
2-2: Foul Ball, location: 2F
2-2: Ball
3-2: Base on Balls
Batting: SHB Jacob Knapp 0-0: Ball
1-0: Swinging Strike
1-1: Fly out, F7 (Line Drive, 7)
Batting: RHB Domingo Hernández 0-0: Ball
1-0: Swinging Strike
1-1: SINGLE (Line Drive, 7S)
Ramón Díaz to second
Batting: LHB Mauro Díaz 0-0: SINGLE (Groundball, 34D)
Ramón Díaz to third
Domingo Hernández to second
Batting: RHB Júlio Cruz 0-0: Ball
1-0: Swinging Strike
1-1: Ball
2-1: Foul Ball, location: 2F
2-2: Ball
3-2: Foul Ball, location: 2F
3-2: Foul Ball, location: 2F
3-2: Ground out 5-3 (Groundball, 56S)
Top of the 2nd over - 0 run(s), 2 hit(s), 0 error(s), 3 left on base; Key West 0 - Beaumont 1
BOTTOM OF THE 2ND
Beaumont Roughnecks batting - Pitching for Key West Barracudas : RHP George Bennion
Batting: LHB Enrique Cruz 0-0: Called Strike
0-1: Foul Ball, location: 2F
0-2: Ball
1-2: Fly out, F8 (Flyball, 8LS)
Batting: RHB Michael Kent 0-0: Ground out U3 (Groundball, 34)
Batting: RHB António Aguilar 0-0: Ball
1-0: Ball
2-0: Swinging Strike
2-1: Foul Ball, location: 2F
2-2: Ball
3-2: Fly out, F8 (Flyball, 8RM)
Bottom of the 2nd over - 0 run(s), 0 hit(s), 0 error(s), 0 left on base; Key West 0 - Beaumont 1
TOP OF THE 3RD
Key West Barracudas batting - Pitching for Beaumont Roughnecks : RHP John Harvey
Batting: SHB Luis Manuel López 0-0: Ball
1-0: Swinging Strike
1-1: Foul Ball, location: 2F
1-2: Ball
2-2: Ball
3-2: Foul Ball, location: 2F
3-2: SINGLE (Groundball, 4D)
Batting: SHB Héctor Jiménez 0-0: Ball
1-0: Foul Ball, location: 2F
1-1: Swinging Strike
1-2: Foul Ball, location: 2F
1-2: Strikes out swinging
Batting: RHB Steve Gómez 0-0: Called Strike
Luis Manuel López steals 2nd base
0-1: Called Strike
0-2: Ball
1-2: Foul Ball, location: 2F
1-2: Strikes out swinging
Batting: RHB Anastasio Zartuche 0-0: Ball
1-0: DOUBLE (Line Drive, 89M)
Luis Manuel López scores
Batting: RHB Ramón Díaz 0-0: Ball
1-0: SINGLE (Groundball, 6MD)
Anastasio Zartuche to third
Runner from 3rd tries for Home, SAFE, no throw
Batting: SHB Jacob Knapp 0-0: Ball
1-0: Fly out, F9 (Flyball, 9S)
Top of the 3rd over - 2 run(s), 3 hit(s), 0 error(s), 1 left on base; Key West 2 - Beaumont 1
BOTTOM OF THE 3RD
Beaumont Roughnecks batting - Pitching for Key West Barracudas : RHP George Bennion
Batting: RHB Miguel Costa 0-0: Ball
1-0: Ball
2-0: Ball
3-0: Base on Balls
Batting: SHB Walton Locke 0-0: Ball
1-0: DOUBLE (Groundball, 3L)
Miguel Costa to third
Batting: RHB John James 0-0: Fly out, F8 (Flyball, 78M)
Runner from 3rd tags up, SCORES, no throw
Batting: RHB Darwin Crane 0-0: Called Strike
0-1: Ball
1-1: Ground out 5-3 (Groundball, 5)
Batting: LHB Bernardo Morales 0-0: Ball
1-0: Called Strike
1-1: Foul Ball, location: 2F
1-2: Foul Ball, location: 2F
1-2: Ball
2-2: Ball
3-2: Ground out 6-3 (Groundball, 6)
Bottom of the 3rd over - 1 run(s), 1 hit(s), 0 error(s), 1 left on base; Key West 2 - Beaumont 2
TOP OF THE 4TH
Key West Barracudas batting - Pitching for Beaumont Roughnecks : RHP John Harvey
Batting: RHB Domingo Hernández 0-0: Ball
1-0: Swinging Strike
1-1: Called Strike
1-2: Ground out 6-3 (Groundball, 6S)
Batting: LHB Mauro Díaz 0-0: Called Strike
0-1: Called Strike
0-2: Ball
1-2: Foul Ball, location: 2F
1-2: Strikes out swinging
Batting: RHB Júlio Cruz 0-0: Swinging Strike
0-1: Foul Ball, location: 2F
0-2: Ball
1-2: Strikes out swinging
Top of the 4th over - 0 run(s), 0 hit(s), 0 error(s), 0 left on base; Key West 2 - Beaumont 2
BOTTOM OF THE 4TH
Beaumont Roughnecks batting - Pitching for Key West Barracudas : RHP George Bennion
Batting: RHB Si-xun Li 0-0: Swinging Strike
0-1: Foul Ball, location: 2F
0-2: DOUBLE (Line Drive, 78D)
Batting: LHB Enrique Cruz 0-0: Ball
1-0: Foul Ball, location: 2F
1-1: Ball
2-1: Ball
3-1: Base on Balls
Batting: RHB Michael Kent 0-0: Ball
1-0: Swinging Strike
1-1: Ball
2-1: Fly out, F8 (Flyball, 78S)
Pitching: RHP Sean Flynn
Now in CF: Víctor Acevedo
Batting: RHB António Aguilar 0-0: Swinging Strike
0-1: Ball
1-1: Ball
2-1: Foul Ball, location: 2F
2-2: Foul Ball, location: 2F
2-2: Ball
3-2: Base on Balls
Si-xun Li to third
Enrique Cruz to second
Batting: RHB Miguel Costa 0-0: Ball
1-0: Foul Ball, location: 2F
1-1: Ball
Wild Pitch!
Si-xun Li scores
Enrique Cruz to third
António Aguilar to second
2-1: Ground out 1-3 (Groundball, P)
Batting: SHB Walton Locke 0-0: Ground out 6-3 (Groundball, 56)
Bottom of the 4th over - 1 run(s), 1 hit(s), 0 error(s), 2 left on base; Key West 2 - Beaumont 3
TOP OF THE 5TH
Key West Barracudas batting - Pitching for Beaumont Roughnecks : RHP John Harvey
Batting: SHB Luis Manuel López 0-0: Ball
1-0: Ball
2-0: Called Strike
2-1: Ball
3-1: Called Strike
3-2: SOLO HOME RUN (Flyball, 8LXD) (Inside the Park)
Batting: SHB Héctor Jiménez 0-0: Swinging Strike
0-1: Ball
1-1: Fly out, F9 (Flyball, 9D)
Batting: RHB Steve Gómez 0-0: Ball
1-0: Swinging Strike
1-1: Foul Ball, location: 2F
1-2: Strikes out swinging
Batting: RHB Anastasio Zartuche 0-0: Called Strike
0-1: Ball
1-1: SINGLE (Line Drive, 6D)
Batting: RHB Ramón Díaz 0-0: Ball
1-0: Ball
2-0: Ball
3-0: Called Strike
3-1: Base on Balls
Anastasio Zartuche to second
Pitching: RHP George Floyd
Batting: SHB Jacob Knapp 0-0: Ball
1-0: Ball
2-0: Ball
3-0: Called Strike
3-1: Foul Ball, location: 2F
3-2: Base on Balls
Anastasio Zartuche to third
Ramón Díaz to second
Batting: RHB Domingo Hernández 0-0: Foul Ball, location: 2F
0-1: Foul Ball, location: 2F
0-2: Strikes out swinging
Top of the 5th over - 1 run(s), 2 hit(s), 0 error(s), 3 left on base; Key West 3 - Beaumont 3
BOTTOM OF THE 5TH
Beaumont Roughnecks batting - Pitching for Key West Barracudas : RHP Sean Flynn
Batting: RHB John James 0-0: Ball
1-0: Ball
2-0: Foul Ball, location: 2F
2-1: Foul Ball, location: 2F
2-2: Foul Ball, location: 2F
2-2: Ball
3-2: Foul Ball, location: 2F
3-2: Foul Ball, location: 2F
3-2: Foul Ball, location: 2F
3-2: Strikes out looking
Batting: RHB Darwin Crane 0-0: Swinging Strike
0-1: Swinging Strike
0-2: Fly out, F4 (Popup, 3D)
Batting: LHB Bernardo Morales 0-0: Ball
1-0: SINGLE (Groundball, 6MD)
Batting: RHB Si-xun Li 0-0: Fielders Choice at 2nd, 5-4 (Groundball, 56)
Bottom of the 5th over - 0 run(s), 1 hit(s), 0 error(s), 0 left on base; Key West 3 - Beaumont 3
TOP OF THE 6TH
Key West Barracudas batting - Pitching for Beaumont Roughnecks : RHP George Floyd
Batting: LHB Mauro Díaz 0-0: Foul Ball, location: 2F
0-1: Ball
1-1: Ball
2-1: Ball
3-1: Swinging Strike
3-2: Foul Ball, location: 2F
3-2: Base on Balls
Batting: LHB Víctor Acevedo 0-0: Called Strike
0-1: DOUBLE (Line Drive, 78M)
Mauro Díaz to third
Batting: SHB Luis Manuel López 0-0: Called Strike
0-1: Foul Ball, location: 2F
0-2: Strikes out swinging
Batting: SHB Héctor Jiménez 0-0: Called Strike
0-1: Called Strike
0-2: Ball
1-2: Fly out, F8 (Line Drive, 78M)
Runner from 3rd tags up, SCORES, no throw
Batting: RHB Steve Gómez 0-0: Ball
1-0: Foul Ball, location: 2F
1-1: Foul Ball, location: 2F
1-2: Foul Ball, location: 2F
1-2: Foul Ball, location: 2F
1-2: Foul Ball, location: 2F
1-2: Ball
2-2: SINGLE (Line Drive, 4M)
Víctor Acevedo to third
Runner from 3rd tries for Home, SAFE, no throw
Pitching: RHP Jesús Ortíz
Batting: RHB Anastasio Zartuche 0-0: Called Strike
0-1: Called Strike
0-2: Ball
Steve Gómez is caught stealing 2nd base
Top of the 6th over - 2 run(s), 2 hit(s), 0 error(s), 0 left on base; Key West 5 - Beaumont 3
BOTTOM OF THE 6TH
Beaumont Roughnecks batting - Pitching for Key West Barracudas : RHP Sean Flynn
Batting: LHB Enrique Cruz 0-0: Swinging Strike
0-1: Swinging Strike
0-2: Strikes out swinging, 2-3 out at first.
Batting: RHB Michael Kent 0-0: Called Strike
0-1: Ball
1-1: Ball
2-1: Ball
3-1: Foul Ball, location: 2F
3-2: Base on Balls
Batting: RHB António Aguilar 0-0: Swinging Strike
0-1: Ball
1-1: Foul Ball, location: 2F
1-2: Strikes out swinging
Batting: RHB Miguel Costa Balk!
Michael Kent to second
0-0: Ball
1-0: Fly out, F7 (Line Drive, 7)
Bottom of the 6th over - 0 run(s), 0 hit(s), 0 error(s), 1 left on base; Key West 5 - Beaumont 3
TOP OF THE 7TH
Key West Barracudas batting - Pitching for Beaumont Roughnecks : RHP Jesús Ortíz
Batting: RHB Anastasio Zartuche 0-0: Called Strike
0-1: Ball
1-1: Ball
2-1: Ground out 5-3 (Groundball, 5)
Batting: RHB Ramón Díaz 0-0: Called Strike
0-1: Called Strike
0-2: Ball
1-2: Ball
2-2: SINGLE (Groundball, 6MD)
Batting: SHB Jacob Knapp 0-0: Swinging Strike
0-1: Swinging Strike
0-2: Ball
1-2: Strikes out swinging
Batting: RHB Domingo Hernández 0-0: Ball
1-0: Foul Ball, location: 2F
1-1: Fielders Choice at 2nd, 5-4 (Groundball, 5)
Top of the 7th over - 0 run(s), 1 hit(s), 0 error(s), 0 left on base; Key West 5 - Beaumont 3
BOTTOM OF THE 7TH
Beaumont Roughnecks batting - Pitching for Key West Barracudas : RHP Sean Flynn
Batting: SHB Walton Locke 0-0: Fly out, F7 (Line Drive, 78S)
Batting: RHB John James 0-0: DOUBLE (Groundball, 5L)
Batting: RHB Darwin Crane 0-0: Called Strike
0-1: Ball
1-1: Swinging Strike
1-2: Foul Ball, location: 2F
1-2: Fly out, F4 (Line Drive, 4M)
Pitching: LHP Josh Chamberlain
Batting: LHB Bernardo Morales 0-0: Foul Ball, location: 2F
0-1: Foul Ball, location: 2F
0-2: Foul Ball, location: 2F
0-2: Ball
1-2: Foul Ball, location: 2F
1-2: Foul Ball, location: 2F
1-2: Ball
2-2: SINGLE (Flyball, 7LS)
John James to third
Runner from 3rd tries for Home, SAFE, no throw
Batting: RHB Si-xun Li 0-0: Ball
1-0: Foul Ball, location: 2F
1-1: Foul Ball, location: 2F
1-2: Ball
2-2: Foul Ball, location: 2F
2-2: Ball
3-2: Ground out 5-3 (Groundball, 5)
Bottom of the 7th over - 1 run(s), 2 hit(s), 0 error(s), 1 left on base; Key West 5 - Beaumont 4
TOP OF THE 8TH
Key West Barracudas batting - Pitching for Beaumont Roughnecks : RHP Jesús Ortíz
Batting: LHB Mauro Díaz 0-0: Called Strike
0-1: Fly out, F9 (Flyball, 9LM)
Batting: LHB Víctor Acevedo 0-0: Ball
1-0: Foul Ball, location: 2F
1-1: Foul Ball, location: 2F
1-2: Ball
2-2: Ball
3-2: Foul Ball, location: 2F
3-2: Fly out, F6 (Popup, 6D)
Batting: SHB Luis Manuel López 0-0: Ground out 4-3 (Groundball, 4)
Top of the 8th over - 0 run(s), 0 hit(s), 0 error(s), 0 left on base; Key West 5 - Beaumont 4
BOTTOM OF THE 8TH
Beaumont Roughnecks batting - Pitching for Key West Barracudas : LHP Josh Chamberlain
Batting: LHB Enrique Cruz 0-0: Ball
1-0: Foul Ball, location: 2F
1-1: Foul Ball, location: 2F
1-2: Strikes out swinging
Pitching: RHP Armando Chávez
Batting: RHB Michael Kent 0-0: Called Strike
0-1: Ball
1-1: Ball
2-1: Ground out 3-1 (Groundball, 34)
Batting: RHB António Aguilar 0-0: Foul Ball, location: 2F
0-1: Swinging Strike
0-2: Strikes out swinging, 2-3 out at first.
Bottom of the 8th over - 0 run(s), 0 hit(s), 0 error(s), 0 left on base; Key West 5 - Beaumont 4
TOP OF THE 9TH
Key West Barracudas batting - Pitching for Beaumont Roughnecks : RHP Jesús Ortíz
Batting: SHB Héctor Jiménez 0-0: Called Strike
0-1: Foul Ball, location: 2F
0-2: Ball
1-2: Ground out U3 (Groundball, 3)
Batting: RHB Steve Gómez 0-0: Ball
1-0: Called Strike
1-1: Foul Ball, location: 2F
1-2: Ball
2-2: Ball
3-2: Base on Balls
Pinch Runner at 1st José Martínez:
Batting: RHB Anastasio Zartuche 0-0: Ball
1-0: Foul Ball, location: 2F
1-1: Swinging Strike
1-2: Foul Ball, location: 2F
1-2: Strikes out swinging
Batting: RHB Ramón Díaz 0-0: Ball
José Martínez steals 2nd base
1-0: Called Strike
1-1: Ball
2-1: Called Strike
2-2: Strikes out swinging
Top of the 9th over - 0 run(s), 0 hit(s), 0 error(s), 1 left on base; Key West 5 - Beaumont 4
BOTTOM OF THE 9TH
Beaumont Roughnecks batting - Pitching for Key West Barracudas : RHP Armando Chávez
Pitching: RHP Gerald Núñez
Now at 2B: José Martínez
Batting: RHB Miguel Costa 0-0: Ball
1-0: Called Strike
1-1: Foul Ball, location: 2F
1-2: Strikes out swinging
Batting: SHB Walton Locke 0-0: DOUBLE (Flyball, 7D)
Batting: RHB John James 0-0: Ball
1-0: Ball
2-0: Foul Ball, location: 2F
2-1: Foul Ball, location: 2F
2-2: Fly out, F9 (Flyball, 89S)
Batting: RHB Darwin Crane 0-0: Called Strike
0-1: Ball
1-1: Ground out 6-3 (Groundball, 6)
Bottom of the 9th over - 0 run(s), 1 hit(s), 0 error(s), 1 left on base; Key West 5 - Beaumont 4
Tuesday, August 8th, 2017 - OOTP Baseball 17.12 Build 75